 Dungeon Crawl Stone Soup version 0.24-a0-416-g56ce5178b7 (webtiles) character file.

Game seed: 17569783823650386228

5315 KristoblXynda the Grappler (level 10, -5/81 HPs)
             Began as a Troll Wizard on June 9, 2019.
             Was a Follower of Ashenzari.
             Slain by a hornet (17 damage)
             ... on level 8 of the Dungeon.
             The game lasted 00:17:47 (8325 turns).

KristoblXynda the Grappler (Troll Wizard)           Turns: 8325, Time: 00:17:48

Health: -5/81      AC:  7    Str: 17    XL:     10   Next: 37%
Magic:  3/12       EV:  9    Int: 17    God:    Ashenzari [*.....]
Gold:   389        SH:  0    Dex:  8    Spells: 6/13 levels left

rFire    . . .     SeeInvis .     - Unarmed
rCold    . . .     Gourm    +   (no shield)
rNeg     . . .     Faith    .   a - +0 robe
rPois    .         Spirit   .   b - +0 hat
rElec    .         Reflect  .   e - +0 cloak
rCorr    .         Harm     .   (gloves unavailable)
MR       +....                  (boots unavailable)
Stlth    +.........             (no amulet)
HPRegen  0.63/turn              g - ring of protection from magic (curse)
MPRegen  0.13/turn              (no ring)

@: slowed, very slow
A: large, unfitting armour, claws 3, fast metabolism 3, gourmand, regeneration
1, shaggy fur 1, tough skin 3
a: Curse Item, Scrying, Renounce Religion


You were on level 8 of the Dungeon.
You worshipped Ashenzari.
Ashenzari was aware of your devotion.
You were full.

You visited 2 branches of the dungeon, and saw 9 of its levels.

You collected 452 gold pieces.
You spent 63 gold pieces at shops.

Inventory:

Missiles
 u - 3 throwing nets (quivered)
Armour
 a - a +0 robe (worn)
 b - a +0 hat (worn)
 e - a +0 cloak (worn)
Jewellery
 g - a cursed ring of protection from magic (left claw)
Wands
 l - a wand of scattershot (3)
 w - a wand of acid (7)
 y - a wand of iceblast (9)
Scrolls
 f - a scroll of enchant armour {unknown}
 h - a scroll of fear {unknown}
 i - 3 scrolls of immolation
 m - 3 scrolls of remove curse
 s - a scroll of blinking {unknown}
 v - a scroll of random uselessness {unknown}
Potions
 c - 2 potions of haste {unknown}
 j - a potion of berserk rage {unknown}
 k - a potion of flight {unknown}
 n - 4 potions of curing
 o - 3 potions of mutation
 p - a potion of resistance {unknown}
 q - a potion of magic {unknown}
 r - 2 potions of ambrosia {unknown}
 t - a potion of brilliance {unknown}
 x - a potion of heal wounds {unknown}
 z - 2 potions of invisibility {unknown}
Comestibles
 d - 21 rations


   Skills:
 - Level 1.5 Dodging
 - Level 1.0 Stealth
 + Level 9.8 Unarmed Combat
 + Level 2.0 Spellcasting
 + Level 7.5 Conjurations
   Level 0.6 Summonings
   Level 0.6 Translocations
 - Level 5.1 Evocations


You had 6 spell levels left.
You knew the following spells:

 Your Spells              Type           Power        Failure   Level  Hunger
a - Magic Dart            Conj           ####         1%          1    #......
b - Mephitic Cloud        Conj/Pois/Air  ##......     21%         3    ###....
c - Conjure Flame         Conj/Fire      ##......     12%         3    ###....

Your spell library contained the following spells:

 Spells                   Type           Power        Failure   Level  Hunger
 Blink                    Tloc           N/A          22%         2    ###....
 Call Imp                 Summ           #.......     22%         2    ###....
 Slow                     Hex            #.......     28%         2    ###....


Dungeon Overview and Level Annotations

Branches:
Dungeon (8/15)             Temple (1/1) D:4
   Lair: D:8-11

Altars:
Ashenzari
Cheibriados
Dithmenos
Elyvilon
Fedhas
Gozag
Hepliaklqana
Kikubaaqudgha
Makhleb
Nemelex Xobeh
Okawaru
Qazlal
Ru
Sif Muna
Trog
Uskayaw
Vehumet
Wu Jian
Xom
Yredelemnul
Zin
The Shining One

Shops:
D:4 =*

Annotations:
D:3 1 runed translucent door, Azzok's ghost, amateur FoFi


Innate Abilities, Weirdness & Mutations

You are too large for most types of armour.
You have claws for hands.
Your metabolism is lightning-fast.
You like to eat raw meat.
Your natural rate of healing is unusually fast.
You are covered in fur. (AC +1)
You have extremely tough skin. (AC +3)


Message History

The hornet appears confused.
The hornet barely misses you. The bullfrog closely misses you.
The hornet is engulfed in noxious fumes.
You scratch the hornet.
The hornet is severely wounded.
You feel sick. The bullfrog barely misses you. The hornet stings you!
You feel as though you will be slow longer.
The bullfrog hits you.
* * * LOW HITPOINT WARNING * * *
The scorpion closely misses you. The hornet stings you!
* * * LOW HITPOINT WARNING * * *
You feel as though you will be slow longer.
You feel better. The bullfrog hits you.
* * * LOW HITPOINT WARNING * * *
The bullfrog hits you.
* * * LOW HITPOINT WARNING * * *
The scorpion closely misses you. The bullfrog hits you.
* * * LOW HITPOINT WARNING * * *
The hornet stings you!
You die...

.#.##.#.##.##.#.#.#
.#.##.#.##.##.#.#.#
.#.##.#.....#.#.#.#
......#..#....#.#.# .#
##.#..#..#...##.#.# .#
.........#...##.#.##.#
####.........##....#.#
..
......###.#..####y.#.#
... ......#
#.#.....@..#.##....
......#
#.#.#####.##.......
####'## #...# #Fs..#
#[# ##..# #....# #.#
#.<# #....# #.# ##.##
#....# #.# ####..#
#....# ####.###.....##
#....# ..............#
......


You could see a hornet (confused), a bullfrog and a scorpion.

Vanquished Creatures
  Harold (D:7)
  A hippogriff (D:8)
  A human (D:7)
  4 hogs (D:7)
  A water moccasin (D:7)
  Duvessa (D:7)
  2 orc warriors (D:6)
  2 sky beasts
  2 ice beasts
  2 phantoms
  4 ogres
  3 centaurs
  A bullfrog (D:8)
  A wyvern zombie (D:6)
  Dowan (D:7)
  7 killer bees (D:8)
  4 wights (D:7)
  A howler monkey (D:6)
  2 electric eels (D:6)
  5 crimson imps
  A quasit (D:7)
  A centaur zombie (D:8)
  3 hounds
  2 jellies
  5 orc priests
  A gnoll shaman (D:6)
  8 orc wizards
  2 bullfrog skeletons
  Natasha (twice) (D:3)
  4 iguanas
  Ijyb (D:5)
  5 worker ants
  7 gnolls (D:6)
  9 adders
  A shadow imp (D:6)
  5 worms
  13 dart slugs
  24 orcs
  2 ball pythons (D:1)
  11 bats
  11 giant cockroaches
  5 goblins
  3 hobgoblins (D:1)
  4 jackals (D:7)
  4 quokkas
  3 frilled lizards
  A goblin skeleton (D:7)
  A goblin zombie (D:7)
  3 hobgoblin zombies (D:7)
  8 kobolds
  3 orc skeletons (D:7)
  An orc zombie (D:7)
  5 rats
205 creatures vanquished.

Vanquished Creatures (collateral kills)
  4 killer bees (D:8)
4 creatures vanquished.

Vanquished Creatures (others)
  A killer bee (D:8)
1 creature vanquished.

Grand Total: 210 creatures vanquished

Notes
Turn   | Place    | Note
-------+----------+-------------------------------------------
     0 | D:1      | KristoblXynda the Troll Wizard began the quest for the Orb.
     0 | D:1      | Reached XP level 1. HP: 16/16 MP: 2/2
    68 | D:1      | Reached skill level 1 in Conjurations
   107 | D:1      | Reached skill level 1 in Unarmed Combat
   230 | D:1      | Reached XP level 2. HP: 24/24 MP: 4/4
   738 | D:1      | Reached XP level 3. HP: 31/31 MP: 5/5
  1066 | D:2      | Reached skill level 2 in Unarmed Combat
  1310 | D:2      | Reached XP level 4. HP: 39/39 MP: 6/6
  1703 | D:3      | Reached skill level 3 in Unarmed Combat
  1703 | D:3      | Reached XP level 5. HP: 13/45 MP: 5/7
  2027 | D:3      | Found a runed translucent door.
  2027 | D:3      | Noticed Azzok's ghost (amateur FoFi)
  2027 | D:3      | Noticed an ogre
  2071 | D:3      | Noticed Natasha
  2089 | D:3      | Killed Natasha
  2214 | D:3      | Noticed Natasha
  2236 | D:3      | Killed Natasha
  2576 | D:4      | Learned a level 3 spell: Mephitic Cloud
  2586 | D:4      | Found Buutubril's General Store.
  2589 | D:4      | Bought a +0 cloak for 63 gold pieces
  2613 | D:4      | Reached skill level 4 in Unarmed Combat
  2620 | D:4      | Reached XP level 6. HP: 45/53 MP: 6/8
  2795 | D:4      | Found Gauw's Jewellery Shop.
  2894 | D:4      | Found a staircase to the Ecumenical Temple.
  2917 | Temple   | Entered the Ecumenical Temple
  2961 | Temple   | Became a worshipper of Ashenzari the Shackled
  3243 | D:5      | Entered Level 5 of the Dungeon
  3291 | D:5      | Noticed an ice beast
  3303 | D:5      | Killed an ice beast
  3319 | D:5      | Learned a level 3 spell: Conjure Flame
  3337 | D:5      | Found a stormy altar of Qazlal.
  3483 | D:5      | Noticed a sky beast
  3490 | D:5      | Killed a sky beast
  3490 | D:5      | Reached skill level 5 in Unarmed Combat
  3490 | D:5      | Reached XP level 7. HP: 59/59 MP: 9/9
  3763 | D:5      | Reached skill level 6 in Unarmed Combat
  3837 | D:5      | Reached XP level 8. HP: 55/67 MP: 10/10
  3847 | D:5      | Reached skill level 5 in Conjurations
  4177 | D:5      | Noticed Ijyb
  4214 | D:5      | Killed Ijyb
  4630 | D:6      | Reached skill level 7 in Unarmed Combat
  4731 | D:6      | Reached skill level 1 in Evocations
  5215 | D:6      | Found a sacrificial altar of Ru.
  5216 | D:6      | Found a deep blue altar of Sif Muna.
  5335 | D:6      | Found a shadowy altar of Dithmenos.
  5336 | D:6      | Found a bloodstained altar of Trog.
  5363 | D:6      | Reached XP level 9. HP: 65/74 MP: 11/11
  5558 | D:6      | Reached skill level 8 in Unarmed Combat
  5905 | D:7      | Reached * piety under Ashenzari
  6016 | D:7      | Noticed Dowan
  6026 | D:7      | Noticed Duvessa
  6026 | D:7      | Killed Dowan
  6039 | D:7      | Killed Duvessa
  6108 | D:7      | Found a glowing golden altar of the Shining One.
  6188 | D:7      | Noticed Harold
  6206 | D:7      | Killed Harold
  6451 | D:7      | Reached skill level 9 in Unarmed Combat
  6512 | D:7      | Found a glowing golden altar of the Shining One.
  7111 | D:7      | Reached XP level 10. HP: 58/81 MP: 12/12
  7610 | D:8      | Reached skill level 5 in Evocations
  7909 | D:8      | Noticed a moth of wrath
  7911 | D:8      | Found a bloodstained altar of Trog.
  8313 | D:8      | Paralysed by a hornet for 2 turns
  8325 | D:8      | Slain by a hornet

Levels and vault maps discovered:
D:1:      lightli_arrival_statue_moat, layout_basic
D:2:      layout_rooms
D:3:      layout_loops_cross, ebering_ghost_inner_flame, uniq_natasha
D:4:      layout_cave_pools, minmay_temple_entry_wispy, first_ration,
          serial_shops, shop, nicolae_shop_behind_doors
D:5:      layout_basic, grunt_qazlal_sundering, uniq_ijyb
D:6:      kennysheep_slugbush, layout_basic, gammafunk_temple_overflow_statue,
          chequers_temple_overflow_statue_of_worship
D:7:      layout_basic, kennysheep_mini_moat, minmay_misc_feat_diagonals,
          minivault_10, grunt_livestock, nicolae_tso_besieged_by_evil,
          uniq_duvessa, uniq_harold
D:8:      layout_basic, lair_entry_dummy, serial_shops, shop,
          gammafunk_ghost_spectres, tgw_trog
Temple:   regret_index_temple_sphere_string

Skill      XL: |  1  2  3  4  5  6  7  8  9 10 |
---------------+-------------------------------+-----
Conjurations   | 1 2 3 4 6 7 |  7.5
Unarmed Combat | 1 2 3 4 5 6 7 9 |  9.8
Evocations     | 2 4 5 |  5.1
Dodging        | |  1.5
Stealth        | |  1.0
Spellcasting   | |  2.0
Summonings     | |  0.6
Translocations | |  0.6

Action                   |  1- 3 |  4- 6 |  7- 9 | 10-12 || total
-------------------------+-------+-------+-------+-------++-------
Melee: Unarmed           |   106 |   172 |   415 |   107 ||   800
       Punch             |       |     1 |     5 |     1 ||     7
 Cast: Magic Dart        |       |    16 |     7 |    13 ||    36
       Mephitic Cloud    |       |       |     5 |     5 ||    10
       Conjure Flame     |       |       |       |     1 ||     1
Invok: Curse Item        |       |     1 |       |       ||     1
Evoke: Wand              |       |       |    11 |     2 ||    13
  Use: Scroll            |       |     2 |     4 |       ||     6
       Potion            |       |       |       |     3 ||     3
 Stab: Sleeping          |       |     1 |     3 |     1 ||     5
       Confused          |       |       |     3 |     2 ||     5
  Eat: Chunk             |    18 |    17 |    37 |     9 ||    81
Armor: Robe              |    59 |    56 |   102 |    43 ||   260
       Skin              |       |       |     3 |       ||     3
Dodge: Dodged            |    59 |    53 |   141 |    68 ||   321

Table legend:
 A = Non-vault XP
 B = Vault XP
 C = Vault XP percentage of total XP
 D = Non-vault monster count
 E = Vault monster count
 F = Vault count percentage of total count
                 A         B        C        D         E       F
            +---------+---------+-------+---------+---------+-------
      Total |    5223 |    2370 |  31.2 |     175 |      35 |  16.7
            +---------+---------+-------+---------+---------+-------
        D:1 |      47 |       0 |   0.0 |      26 |       0 |   0.0
        D:2 |      59 |       0 |   0.0 |      13 |       0 |   0.0
        D:3 |     144 |      37 |  20.4 |      16 |       1 |   5.9
        D:4 |     233 |       0 |   0.0 |      17 |       0 |   0.0
        D:5 |    1219 |      36 |   2.9 |      31 |       1 |   3.1
        D:6 |    1303 |      40 |   3.0 |      33 |      10 |  23.3
        D:7 |    1038 |    2240 |  68.3 |      18 |      18 |  50.0
        D:8 |    1180 |      17 |   1.4 |      21 |       5 |  19.2
            +---------+---------+-------+---------+---------+-------
